 Dungeon Crawl Stone Soup version 0.14-a0-155-gd989017 (webtiles) character file.

189 Malachi the Grave Robber (level 4, -5/36 HPs)
             Began as a Deep Dwarf Necromancer on Oct 4, 2013.
             Slipped on a banana peel
             ... caused by a quasit
             ... on Level 3 of the Dungeon.
             The game lasted 00:09:52 (3506 turns).

Malachi the Grave Robber (Deep Dwarf Necromancer)   Turns: 3506, Time: 00:09:53

HP  -5/36        AC  4     Str 12      XL: 4   Next: 82%
MP   8/8         EV  2     Int 16      God:
Gold 64          SH  0     Dex -6 (13) Spells:  2 memorised,  3 levels left

Res.Fire  : . . .   See Invis. : +   e - -1,+0 orc war axe
Res.Cold  : . . .   Warding    : .   p - +1 orc leather armour {MR+}
Life Prot.: . . .   Conserve   : .   (no shield)
Res.Poison: .       Res.Corr.  : .   (no helmet)
Res.Elec. : .       Clarity    : .   (no cloak)
Sust.Abil.: . .     Spirit.Shd : .   (no gloves)
Res.Mut.  : .       Stasis     : .   (no boots)
Res.Rott. : .       Flight     : .   (no amulet)
Saprovore : . . .                    (no ring)
                                     r - ring of see invisible {unknown}

@: lost dexterity, non-regenerating, very slow, somewhat resistant to hostile
enchantments, extremely unstealthy
A: damage resistance, recharge devices, sense surroundings 1, slow healing 3
a: Device Recharging


You were on level 3 of the Dungeon.
You were hungry.

You visited 1 branch of the dungeon, and saw 3 of its levels.

You collected 44 gold pieces.

Inventory:

Hand weapons
 e - a -1,+0 orcish war axe (weapon)
Missiles
 k - 16 stones (quivered)
Armour
 a - a +0 robe
 p - a +1 orcish leather armour of magic resistance (worn)
Magical devices
 c - a wand of heal wounds (4)
 l - a wand of teleportation (0)
 m - a wand of frost (13)
Comestibles
 d - a bread ration
 i - a rotting chunk of orc flesh
 n - 3 rotting chunks of orc flesh
 t - a chunk of ball python flesh
Scrolls
 f - a scroll of teleportation
 o - a scroll of enchant weapon II
Jewellery
 r - a ring of see invisible (left hand) {unknown}
Potions
 g - a potion of restore abilities {unknown}
 h - 2 potions of heal wounds {unknown}
 j - a potion of curing {unknown}
 s - a potion of resistance {unknown}
Books
 b - a book of Necromancy

   Spells                             Type                      Level
   *Pain                              Necromancy                   1
   Animate Skeleton                   Necromancy                   1
   Lethal Infusion                    Charms/Necromancy            2
   *Vampiric Draining                 Necromancy                   3
   Regeneration                       Charms/Necromancy            3
   Animate Dead                       Necromancy                   4
   Control Undead                     Necromancy                   4


   Skills:
 + Level 2.7 Dodging
 - Level 2.4 Stealth
 - Level 2.0 Spellcasting
 * Level 6.1 Necromancy


You had 3 spell levels left.
You knew the following spells:

 Your Spells              Type           Power        Failure   Level  Hunger
a - Vampiric Draining     Necr           ###.......   6%          3    ####...
b - Pain                  Necr           ###.         1%          1    #......


Dungeon Overview and Level Annotations

Branches:
Dungeon (3/27)

Altars:

Annotations:
D:2 Sigmund


Innate Abilities, Weirdness & Mutations

You are resistant to damage.
You can recharge devices by infusing magical energy.
You passively map a small area around you.
You do not heal naturally.


Message History

* * * LOW HITPOINT WARNING * * *
You feel clumsy.
You convulse from lack of dexterity!
* * * LOW HITPOINT WARNING * * *
The quasit claws you.
The quasit claws you but does no damage.
The quasit bites you.
* * * LOW HITPOINT WARNING * * *
You feel clumsy.
You convulse from lack of dexterity!
* * * LOW HITPOINT WARNING * * *
The quasit claws you but does no damage.
The quasit barely misses you. The quasit bites you. The quasit claws you.
The quasit claws you but does no damage.
The quasit bites you but does no damage.
The quasit claws you but does no damage.
The quasit claws you.
You feel clumsy.
You convulse from lack of dexterity!
You die...

* * * ########## * ,,
#........# * #.######.#
# * #.@5s# #.# #
...#.####.###.###### #
,....s..............# #
*
#....#....###.####.#####
[ ##.#####.####......
#............####. >,,
................... * *
.........#..#.#.#.) *
.#........#....#.#..


You could see a quasit and a giant mite.

Vanquished Creatures
  An orc priest (D:3)
  Ijyb (D:2)
  2 adders (D:2)
  A worm (D:2)
  A giant gecko (D:2)
  2 orcs
  2 ball pythons
  5 bats
  4 giant cockroaches
  8 goblins
  7 hobgoblins
  An ooze (D:2)
  3 giant newts
  8 kobolds
  8 rats
54 creatures vanquished.

Notes
Turn   | Place    | Note
--------------------------------------------------------------
     0 | D:1      | Malachi, the Deep Dwarf Necromancer, began the quest for the Orb.
     0 | D:1      | Reached XP level 1. HP: 15/15 MP: 3/3
   222 | D:1      | Reached XP level 2. HP: 13/22 MP: 0/4
   478 | D:1      | Reached skill level 5 in Necromancy
  1373 | D:2      | Noticed Sigmund
  1519 | D:2      | Noticed Ijyb
  1599 | D:2      | Killed Ijyb
  1599 | D:2      | Reached XP level 3. HP: 28/28 MP: 0/5
  2025 | D:2      | Learned a level 3 spell: Vampiric Draining
  2510 | D:2      | Reached XP level 4. HP: 30/36 MP: 0/7
  3109 | D:3      | Reached skill level 6 in Necromancy
  3502 | D:3      | Lost dexterity.
  3506 | D:3      | HP: 1/36 [clumsiness (a quasit)]
  3506 | D:3      | Slipped on a banana peel ... caused by a quasit

Action                   |  1- 3 |  4- 6 || total
-------------------------+-------+-------++-------
Melee: Unarmed           |    16 |     1 ||    17
       War axe           |       |    56 ||    56
 Cast: Pain              |    67 |    17 ||    84
       Vampiric Draining |    10 |     8 ||    18
Evoke: Wand              |     1 |     2 ||     3
  Use: Scroll            |       |     4 ||     4
